 Dungeon Crawl Stone Soup version 0.27-a0-1200-g94dc6ad4cf (webtiles) character file.

Game seed: 14873506034191143797

3073 funkygono the Magician (level 9, -4/43 (47) HPs)
             Began as a Gargoyle Fire Elementalist on May 31, 2021.
             Was a Follower of Sif Muna.
             Slain by a two-headed ogre
             ... wielding a +0 giant club
              (21 damage)
             ... on level 8 of the Dungeon.
             The game lasted 00:32:17 (9992 turns).

funkygono the Magician (Gargoyle Fire Elementalist) Turns: 9992, Time: 00:32:18

HP:   -4/43 (47)    AC: 15    Str: 13    XL:     9   Next: 88%
MP:   13/20         EV: 16    Int: 18    God:    Sif Muna [*.....]
Gold: 361           SH:  0    Dex: 13    Spells: 6/23 levels left

rFire    . . .     SeeInvis .   A - +0 flail (protect)
rCold    + . .     Faith    .   (no shield)
rNeg     + . .     Spirit   .   f - +2 animal skin
rPois    ∞         Reflect  .   g - +1 helmet
rElec    +         Harm     .   h - scarf {+Inv}
rCorr    .         Rampage  .   c - +2 pair of gloves {Dex+3}
Will     .....                  (no boots)
Stlth    ++........             (no amulet)
HPRegen  0.14/turn              i - +4 ring of evasion
MPRegen  0.17/turn              o - ring of protection from cold

@: very slightly contaminated, hasted, drained, invisible, very quick
A: sickness immunity, AC +6, negative energy resistance 1, electricity
resistance, torment resistance 1, petrification resistance
a: Renounce Religion, Evoke Invisibility, Channel Magic


You were on level 8 of the Dungeon.
You worshipped Sif Muna.
Sif Muna was aware of your devotion.
You visited 2 branches of the dungeon, and saw 9 of its levels.

You collected 361 gold pieces.

Inventory:

Hand Weapons
 b - a +0 whip
 k - a +0 club
 n - a +2 dagger of speed
 q - a +1 mace of holy wrath
 r - a +1 mace of draining
 A - a +0 flail of protection (weapon)
Missiles
 e - 259 stones
Armour
 a - a +0 robe
 c - a +2 pair of gloves of dexterity (worn)
 f - a +2 animal skin (worn)
 g - a +1 helmet (worn)
 h - a scarf of invisibility (worn)
 m - the +0 ring mail of Circular Logic {Drain rPois rF++}
   (You found it on level 5 of the Dungeon)

   It greatly protects you from fire.
   It protects you from poison.
   It drains your maximum health when unequipped.
 s - a +0 leather armour
Magical Staves
 d - a staff of cold
 w - a staff of poison
Jewellery
 i - a +4 ring of evasion (left hand)
 o - a ring of protection from cold (right hand)
Wands
 l - a wand of iceblast (2)
 y - a wand of charming (10)
Scrolls
 p - 8 scrolls of identify
 v - a scroll of enchant armour
 z - a scroll of silence
Potions
 j - a potion of haste
 t - a potion of resistance
 u - a potion of curing
 x - a potion of magic


   Skills:
 + Level 1.5 Fighting
 + Level 0.2 Short Blades
 + Level 2.7 Maces & Flails
 + Level 2.9 Dodging
 - Level 2.1 Stealth
 * Level 7.5 Spellcasting
 * Level 6.9 Conjurations
 + Level 0.6 Hexes
 + Level 0.5 Summonings
 * Level 7.2 Fire Magic
 * Level 2.8 Ice Magic
 + Level 0.1 Evocations


You had 6 spell levels left.
You knew the following spells:

 Your Spells              Type           Power      Damage    Failure   Level
a - Foxfire               Conj/Fire      100%       2x1d9     1%          1
b - Conjure Flame         Conj/Fire      32%        6-21      1%          3
c - Inner Flame           Hex/Fire       20%        N/A       6%          3
d - Sticky Flame          Conj/Fire      32%        2d5       5%          4
e - Ensorcelled Hibernat  Hex/Ice        26%        N/A       8%          2
f - Summon Small Mammal   Summ           32%        N/A       9%          1
g - Frozen Ramparts       Ice            32%        1d5       10%         3

Your spell library contained the following spells:

 Spells                   Type           Power      Damage    Failure   Level
 Freeze                   Ice            64%        1d8       3%          1
 Dazzling Flash           Conj/Hex       40%        N/A       6%          3
 Corona                   Hex            10%        N/A       8%          1
 Ozocubu's Armour         Ice            16%        N/A       10%         3
 Animate Skeleton         Necr           12%        N/A       11%         1
 Apportation              Tloc           12%        N/A       11%         1
 Hailstorm                Conj/Ice       24%        3d7       14%         4
 Corpse Rot               Necr/Air       N/A        N/A       16%         2
 Fireball                 Conj/Fire      16%        3d8       16%         5
 Confusing Touch          Hex            9%         N/A       24%         3
 Tukima's Dance           Hex            9%         N/A       24%         3
 Gell's Gravitas          Tloc           3%         N/A       30%         3
 Metabolic Englaciation   Hex/Ice        6%         N/A       80%         5
 Dispersal                Tloc           3%         N/A       100%        6


Dungeon Overview and Level Annotations

Branches:
Dungeon (8/15)             Temple (1/1) D:4
   Lair: D:8-11

Altars:
Ashenzari
Cheibriados
Dithmenos
Fedhas
Gozag
Hepliaklqana
Kikubaaqudgha
Makhleb
Nemelex Xobeh
Okawaru
Qazlal
Ru
Sif Muna
Trog
Uskayaw
Vehumet
Wu Jian
Xom
Yredelemnul
Zin
The Shining One

Annotations:
D:3 3 runed translucent doors, solarlight's ghost, amateur FoFi


Innate Abilities, Weirdness & Mutations

You are immune to sickness and miasma.
Your stone body is resilient. (AC +6)
You are immune to poison.
You resist negative energy. (rN+)
You are resistant to electric shocks. (rElec)
You are resistant to unholy torment.
You are immune to petrification.


Message History

The two-headed ogre misses you.
Casting: Foxfire (safe; 1% risk of failure)
Confirm with . or Enter, or press ? or * to list all spells.
You conjure some foxfire!
Casting: Foxfire (safe; 1% risk of failure)
Confirm with . or Enter, or press ? or * to list all spells.
You conjure some foxfire!
The foxfire hits the two-headed ogre but does no damage.
The two-headed ogre is lightly wounded.
Casting: Foxfire (safe; 1% risk of failure)
Confirm with . or Enter, or press ? or * to list all spells.
You conjure some foxfire!
The foxfire hits the two-headed ogre.
The two-headed ogre is moderately wounded.
The foxfire hits the two-headed ogre but does no damage.
The two-headed ogre is moderately wounded.
The foxfire hits the two-headed ogre but does no damage.
The two-headed ogre is lightly wounded.
Casting: Foxfire (safe; 1% risk of failure)
Confirm with . or Enter, or press ? or * to list all spells.
You conjure some foxfire!
The foxfire hits the two-headed ogre but does no damage.
The two-headed ogre is lightly wounded.
The foxfire hits the two-headed ogre but does no damage.
The two-headed ogre is lightly wounded.
The foxfire hits the two-headed ogre!
The two-headed ogre is moderately wounded.
The foxfire hits the two-headed ogre.
The two-headed ogre is heavily wounded.
Found a potion of curing.
Casting: Foxfire (safe; 1% risk of failure)
Confirm with . or Enter, or press ? or * to list all spells.
You don't know that spell.
Okay, then.
Okay, then.
You feel drained.
You fade into invisibility!
You are very lightly contaminated with residual magic.
Found 13 gold pieces.
The two-headed ogre hits you with a +0 giant club!!
You die...

## #...# ##### #.#.# #...#
#.#.# # ####...# #!#.#####
# .......# #.#.....#######
#....# #.#..##........
####....####.#..##########
.........@......).........
..........O.###........#
.$..........# #........+
######+###### #........#
#........# ######........#
+....'.....>..#
###.##.....)..# #
#........#


You could see a two-headed ogre.

Vanquished Creatures
  A two-headed ogre (D:5)
  Prince Ribbit (D:6)
  2 water moccasins
  2 ice beasts
  A black bear (D:5)
  2 orc warriors
  An ogre (D:4)
  3 centaurs
  2 bullfrogs
  A wyvern zombie (D:7)
  2 scorpions
  2 water moccasin skeletons (D:6)
  2 howler monkeys
  3 crimson imps
  2 jellies
  A centaur skeleton (D:7)
  A hound (D:5)
  A gnoll shaman (D:5)
  An orc priest (D:7)
  A bullfrog skeleton (D:7)
  Ijyb (D:3)
  2 iguanas (D:5)
  3 orc wizards
  A killer bee zombie (D:8)
  Robin (D:2)
  7 gnolls
  A howler monkey skeleton (D:5)
  3 adders
  3 white imps
  An ufetubus (D:7)
  2 dart slugs
  21 orcs
  7 endoplasms
  5 giant cockroaches
  25 goblins
  7 hobgoblins
  11 jackals
  5 kobolds
  3 quokkas
  5 ball pythons
  6 bats
  3 frilled lizards
  5 rats
160 creatures vanquished.

Vanquished Creatures (others)
  A goblin (D:3)
  565 foxfires
566 creatures vanquished.

Grand Total: 726 creatures vanquished

Notes
Turn   | Place    | Note
-------+----------+-------------------------------------------
     0 | D:1      | funkygono the Gargoyle Fire Elementalist began the quest
                  | for the Orb.
     0 | D:1      | Reached XP level 1. HP: 10/10 MP: 3/3
   336 | D:1      | Reached XP level 2. HP: 15/15 MP: 3/5
   847 | D:1      | Reached XP level 3. HP: 17/19 MP: 1/6
   960 | D:1      | Found a faded altar of an unknown god.
  1159 | D:1      | Learned a level 3 spell: Conjure Flame
  1611 | D:2      | Noticed Robin
  1622 | D:2      | Killed Robin
  1701 | D:2      | Reached XP level 4. HP: 24/24 MP: 5/7
  2731 | D:2      | Learned a level 3 spell: Inner Flame
  2783 | D:3      | Found a runed translucent gate.
  2783 | D:3      | Found a runed translucent gate.
  2784 | D:3      | Found a runed translucent gate.
  2784 | D:3      | Noticed a kobold brigand
  2785 | D:3      | Noticed solarlight's ghost (amateur FoFi)
  3134 | D:3      | Found a shimmering altar of Xom.
  3765 | D:3      | Learned a level 1 spell: Summon Small Mammal
  3787 | D:3      | Reached XP level 5. HP: 11/28 MP: 7/9
  4342 | D:3      | Noticed Ijyb
  4806 | D:1      | Learned a level 2 spell: Ensorcelled Hibernation
  5312 | D:3      | Killed Ijyb
  5313 | D:3      | Reached skill level 1 in Maces & Flails
  5697 | D:3      | Reached XP level 6. HP: 23/33 MP: 10/10
  6093 | D:4      | Found a staircase to the Ecumenical Temple.
  6163 | Temple   | Entered the Ecumenical Temple
  6677 | D:4      | Reached skill level 1 in Ice Magic
  6677 | D:4      | Reached XP level 7. HP: 37/37 MP: 5/12
  6886 | D:4      | Found a bloodstained altar of Trog.
  7153 | D:4      | Reached skill level 1 in Fighting
  7330 | D:4      | Learned a level 4 spell: Sticky Flame
  7351 | D:5      | Entered Level 5 of the Dungeon
  7428 | D:5      | Identified the +0 ring mail of Circular Logic {Drain rPois
                  | rF++}
  7442 | D:5      | Reached skill level 5 in Fire Magic
  7751 | D:5      | Reached XP level 8. HP: 43/43 MP: 7/15
  7831 | D:5      | Identified the Collected Works on Displaced Sinister
                  | Rituals
  7865 | D:5      | Noticed a two-headed ogre
  7882 | D:5      | Killed a two-headed ogre
  7883 | D:5      | Reached skill level 5 in Spellcasting
  7883 | D:5      | Reached skill level 5 in Conjurations
  8109 | D:5      | Found a shimmering blue altar of Sif Muna.
  8112 | D:5      | Became a worshipper of Sif Muna the Loreminder
  8321 | D:6      | Reached XP level 9. HP: 47/47 MP: 14/18
  8637 | D:6      | Noticed Prince Ribbit
  8642 | D:6      | Killed Prince Ribbit
  8802 | D:6      | Learned a level 3 spell: Frozen Ramparts
  8884 | D:6      | Found a radiant altar of Vehumet.
  8884 | D:6      | Found a hide-covered altar of Uskayaw.
  9724 | D:7      | Reached * piety under Sif Muna
  9854 | D:7      | You fall into a shaft and drop 1 floor!
  9953 | D:8      | Noticed a two-headed ogre
  9992 | D:8      | Slain by a two-headed ogre

Illustrated notes

Levels and vault maps discovered:
D:1:      lemuel_arrival_room, layout_basic,
          shapermc_ecumenical_altar_mp_highgroup, hex_large,
          chequers_serial_rivers_small_b
D:2:      layout_basic, kennysheep_generic_room_16, uniq_robin
D:3:      kennysheep_the_goblin_king, layout_loops_cross, led_xom_imps,
          gammafunk_ghost_nasty_kobolds
D:4:      kennysheep_goblin_castle, layout_rooms, kennysheep_little_box,
          minmay_temple_entry_grid
D:5:      layout_rooms, lemuel_blue_sif_altar, grunt_ministairs_5, uniq_ijyb
D:6:      layout_loops_cross, amethyst_overflow_temple_binary,
          uniq_prince_ribbit1
D:7:      layout_basic
D:8:      layout_basic, dpeg_oklobed_lair, minmay_shop_enchanted_jewellery,
          uniq_gastronok
Temple:   nicolae_temple_x_marks_the_god

Skill      XL: |  1  2  3  4  5  6  7  8  9 |
---------------+----------------------------+-----
Fire Magic     | 4 5 6 7 |  7.2
Conjurations   | 2 3 4 6 |  6.9
Spellcasting   | 3 4 6 7 |  7.5
Maces & Flails | 1 2 |  2.7
Dodging        | 2 |  2.9
Ice Magic      | 1 2 |  2.8
Fighting       | 1 |  1.5
Short Blades   | |  0.2
Stealth        | |  2.1
Hexes          | |  0.6
Summonings     | |  0.5
Evocations     | |  0.1

Action                   |  1- 3 |  4- 6 |  7- 9 || total
-------------------------+-------+-------+-------++-------
Melee: Unarmed           |     7 |       |       ||     7
       Whip              |    12 |   476 |       ||   488
       Club              |       |    78 |       ||    78
       Dagger            |       |    73 |       ||    73
       Mace              |       |     2 |    43 ||    45
       Flail             |       |       |     3 ||     3
 Cast: Foxfire           |    51 |   106 |   170 ||   327
       Summon Small Mamm |       |    46 |     1 ||    47
       Conjure Flame     |       |     3 |       ||     3
       Ensorcelled Hiber |       |    23 |       ||    23
       Sticky Flame      |       |       |     3 ||     3
       Frozen Ramparts   |       |       |     7 ||     7
 Abil: Evoke Invisibilit |       |       |     1 ||     1
Evoke: Wand              |       |     3 |       ||     3
  Use: Potion            |       |     2 |     1 ||     3
       Scroll            |       |       |     9 ||     9
 Stab: Sleeping          |       |     5 |       ||     5
Armor: Robe              |     8 |       |       ||     8
       Animal skin       |       |   250 |    34 ||   284
Dodge: Dodged            |    24 |   350 |    67 ||   441

Table legend: (Time is in decaauts)
 A = Elapsed time spent in this place.
 B = Non-inter-level travel time spent in this place.
 C = Inter-level travel time spent in this place.
 D = Time resting spent in this place.
 E = Time spent auto-exploring this place.
 F = Levels seen in this place.
 G = Mean time per level.
                   A        B        C        D        E       F      G
               +--------+--------+--------+--------+--------+-----+--------+
         Total |  10015 |   9878 |    137 |    548 |   6476 |   9 | 1112.8 |
       Dungeon |   9956 |   9825 |    131 |    548 |   6426 |   8 | 1244.5 |
        Temple |     58 |     53 |      5 |      0 |     50 |   1 |   58.0 |
               +--------+--------+--------+--------+--------+-----+--------+

Top non-repeatable levels by time:
     D:2: 2738 daAuts
     D:3: 2094 daAuts
     D:1: 1281 daAuts
     D:4: 1198 daAuts
     D:5: 924 daAuts
     D:6: 882 daAuts
     D:7: 706 daAuts
     D:8: 130 daAuts
  Temple: 58 daAuts
